 Dungeon Crawl Stone Soup version 0.27-a0-1278-g6cbc8dfb29 (webtiles) character file.

Game seed: 548375974508461819

65 porpoise the Skirmisher (level 3, -4/30 HPs)
             Began as a Demonspawn Monk on June 12, 2021.
             Slain by a gnoll (9 damage)
             ... on level 2 of the Dungeon.
             The game lasted 00:02:35 (1289 turns).

porpoise the Skirmisher (Demonspawn Monk)           Turns: 1289, Time: 00:02:37

Health: -4/30      AC:  8    Str: 12    XL:     3   Next: 94%
Magic:  3/3        EV: 12    Int: 11    God:
Gold:   24         SH:  0    Dex: 15    Spells: 2/2 levels left

rFire    . . .     SeeInvis .   a - +0 spear
rCold    . . .     Faith    .   (no shield)
rNeg     . . .     Spirit   .   b - +0 robe
rPois    .         Reflect  .   (no helmet)
rElec    .         Harm     .   (no cloak)
rCorr    .         Rampage  .   (no gloves)
Will     .....                  (no boots)
Stlth    ++........             (no amulet)
HPRegen  0.10/turn              (no ring)
MPRegen  0.08/turn              (no ring)

@: sanguine armoured
A: demonic guardian 1, sanguine armour 1
a: no special abilities


You were on level 2 of the Dungeon.
You visited 1 branch of the dungeon, and saw 2 of its levels.

You collected 24 gold pieces.

Inventory:

Hand Weapons
 a - a +0 spear (weapon)
Missiles
 d - 27 bolts
 e - 21 sling bullets
Armour
 b - a +0 robe (worn)
Scrolls
 c - a scroll of teleportation {unknown}
 f - a scroll of noise {unknown}


   Skills:
 + Level 4.0 Fighting
 + Level 3.6 Polearms
 - Level 2.6 Dodging
 - Level 1.7 Stealth


You had 2 spell levels left.
You didn't know any spells.
Your spell library was empty.

Dungeon Overview and Level Annotations

Branches:
Dungeon (1/15)

Altars:


Innate Abilities, Weirdness & Mutations

A weak demonic guardian rushes to your aid.
When seriously injured, your bleeding wounds create armour. (AC +6)


Message History

Reach: a) +0 spear
Press: ? - help, Dir - move target, f - gnoll
Aim: a gnoll, wielding a +0 vorpal spear (heavily wounded, ally target, about 32% to evade your +0 spear)
You reach to attack!
You hit the gnoll but do no damage.
The gnoll is heavily wounded.
The gnoll hits you from afar with a +0 vorpal spear.
* * * LOW HITPOINT WARNING * * *
x2 A demonic guardian appears!
Your ufetubus completely misses the gnoll.
Your ufetubus hits the gnoll.
You swap places.
Something hits your ufetubus.
Your ufetubus disappears in a puff of smoke!
Your ufetubus barely misses the gnoll.
Your ufetubus closely misses the gnoll.
Reach: a) +0 spear
Press: ? - help, Dir - move target, f/p - gnoll
Aim: a gnoll, wielding a +0 vorpal spear (severely wounded, ally target, about 32% to evade your +0 spear)
You could not reach far enough!
The gnoll hits your ufetubus with a +0 vorpal spear.
Your ufetubus hits the gnoll. x2
The gnoll dies!
Reach: a) +0 spear
Press: ? - help, Dir - move target, f - kobold
Aim: a kobold, wielding a +0 club (moderately wounded, about 42% to evade your +0 spear)
You reach to attack!
You hit the kobold but do no damage.
The kobold is moderately wounded.
Your ufetubus hits the kobold.
The kobold dies!
Reach: a) +0 spear
Press: ? - help, Dir - move target, f - you
Okay, then.
Unknown command.
You start resting.
A gnoll is nearby!
Reach: a) +0 spear
Press: ? - help, Dir - move target, f - gnoll
Aim: a gnoll, wielding a +0 halberd (about 32% to evade your +0 spear)
You reach to attack!
You barely miss the gnoll. Your ufetubus hits the gnoll.
Your ufetubus barely misses the gnoll.
The gnoll hits you from afar with a +0 halberd!
You die...

#....... #.#####.
#.##.... ###.##.##.
#..†††.##. ##...
#.#....†.. #...#
######.######## #...#
######......# #...#
#.5@...###### #...#
#g####.#
#####...######)####.#
........†..†.Kg##...#
............÷#.##.#.#
..!.........###.#.#.#
###.#...#†.## ##....#
#.#...#.## ##......#
#....K...# .#.#####


You could see a gnoll (ally target) and a friendly ufetubus (summoned).

Vanquished Creatures
  2 adders (D:2)
  A worm (D:2)
  2 dart slugs
  2 ball pythons (D:1)
  A hobgoblin (D:2)
  7 jackals (D:2)
  2 kobolds (D:1)
  A bat (D:1)
  A goblin (D:2)
  3 rats (D:2)
22 creatures vanquished.

Vanquished Creatures (collateral kills)
  3 gnolls (D:2)
  A kobold (D:2)
4 creatures vanquished.

Grand Total: 26 creatures vanquished

Notes
Turn   | Place    | Note
-------+----------+-------------------------------------------
     0 | D:1      | porpoise the Demonspawn Monk began the quest for the Orb.
     0 | D:1      | Reached XP level 1. HP: 18/18 MP: 1/1
    99 | D:1      | Gained mutation: When seriously injured, your bleeding
                  | wounds create armour. (AC +6) [demonic ancestry]
    99 | D:1      | Reached XP level 2. HP: 24/24 MP: 2/2
   279 | D:1      | You fall into a shaft and drop 1 floor!
   965 | D:2      | Gained mutation: A weak demonic guardian rushes to your
                  | aid. [demonic ancestry]
   965 | D:2      | Reached XP level 3. HP: 11/30 MP: 3/3
  1283 | D:2      | Reached skill level 4 in Fighting
  1289 | D:2      | Slain by a gnoll

Illustrated notes

Levels and vault maps discovered:
D:1:      dpeg_arrival_rhombus, layout_rooms, serial_shops, shop_statue,
          hellmonk_ecumenical_altar_inner_sanctum, minmay_split_cup_large
D:2:      layout_loops_cross, basic_altar, uniq_robin

Skill      XL: |  1  2  3 |
---------------+----------+-----
Polearms       | 3 |  3.6
Fighting       | 4 |  4.0
Dodging        | |  2.6
Stealth        | |  1.7

Action                   || total
-------------------------++-------
Melee: Spear             ||   126
 Stab: Sleeping          ||     1
       Distracted        ||     1
Armor: Robe              ||    18
Dodge: Dodged            ||    74

Table legend: (Time is in decaauts)
 A = Elapsed time spent in this place.
 B = Non-inter-level travel time spent in this place.
 C = Inter-level travel time spent in this place.
 D = Time resting spent in this place.
 E = Time spent auto-exploring this place.
 F = Levels seen in this place.
 G = Mean time per level.
                   A        B        C        D        E       F      G
               +--------+--------+--------+--------+--------+-----+--------+
         Total |   1282 |   1282 |      0 |    881 |    192 |   2 |  641.0 |
       Dungeon |   1282 |   1282 |      0 |    881 |    192 |   2 |  641.0 |
               +--------+--------+--------+--------+--------+-----+--------+

Top non-repeatable levels by time:
     D:2: 1004 daAuts
     D:1: 278 daAuts
